 Dungeon Crawl Stone Soup version 0.24.1-14-gf8d2b509d9 (console) character file.

Game seed: 16429270691873872278, levelgen mode: deterministic

164 Kagalorn the Chopper (level 5, -3/46 HPs)
             Began as a Minotaur Wanderer on Feb 26, 2021.
             Killed by divine providence
             ... invoked by an orc priest
              (14 damage)
             ... on level 2 of the Dungeon.
             The game lasted 00:04:22 (3360 turns).

Kagalorn the Chopper (Minotaur Wanderer)            Turns: 3360, Time: 00:04:23

Health: -3/46      AC:  5    Str: 18    XL:     5   Next: 21%
Magic:  4/4        EV:  8    Int:  9    God:
Gold:   87         SH:  9    Dex:  9    Spells: 4/4 levels left

rFire    . . .     SeeInvis +   a - +0 war axe
rCold    . . .     Gourm    .   j - +0 shield
rNeg     . . .     Faith    .   d - +0 ring mail
rPois    .         Spirit   .   (helmet restricted)
rElec    .         Reflect  .   (no cloak)
rCorr    .         Harm     .   (no gloves)
MR       .....                  (no boots)
Stlth    ..........             (no amulet)
HPRegen  0.15/turn              g - ring of see invisible
MPRegen  0.09/turn              (no ring)

@: no status effects
A: retaliatory headbutt, horns 2
a: no special abilities


You were on level 2 of the Dungeon.
You were not hungry.

You visited 1 branch of the dungeon, and saw 3 of its levels.

You collected 87 gold pieces.

Inventory:

Hand Weapons
 a - a +0 war axe (weapon)
 b - a +0 hand crossbow
Missiles
 c - 116 bolts
Armour
 d - a +0 ring mail (worn)
 j - a +0 shield (worn)
Jewellery
 g - a ring of see invisible (left hand)
 m - a cursed ring of magical power {unknown}
Scrolls
 h - 4 scrolls of identify {unknown}
 k - a scroll of remove curse {unknown}
Potions
 e - a potion of brilliance {unknown}
 i - 2 potions of flight {unknown}
 l - a potion of heal wounds {unknown}
Comestibles
 f - 7 rations


   Skills:
 + Level 3.9 Fighting
 * Level 6.6 Axes
 + Level 3.3 Armour
 + Level 4.0 Shields


You had 4 spell levels left.
You didn't know any spells.
Your spell library was empty.

Dungeon Overview and Level Annotations

Branches:
Dungeon (3/15)

Altars:
Dithmenos
Fedhas
Vehumet
Wu Jian

Annotations:
D:2 exclusion: oklob plant


Innate Abilities, Weirdness & Mutations

You reflexively headbutt those who attack you in melee.
You have a pair of horns on your head.


Message History

The orc priest is moderately wounded.
The orc priest invokes the aid of Beogh against you.
Pain shoots through your body!
You closely miss the orc priest.
The orc priest is moderately wounded.
The orc priest hits you with a +0 dagger.
You hit the orc priest. Your headbutt misses the orc priest.
The orc priest is moderately wounded.
The orc priest hits you but does no damage.
You hit the orc priest.
The orc priest is severely wounded.
The orc priest hits you with a +0 dagger.
* * * LOW HITPOINT WARNING * * *
The orc priest hits you with a +0 dagger.
* * * LOW HITPOINT WARNING * * *
You barely miss the orc priest. Your headbutt misses the orc priest.
The orc priest is severely wounded.
The orc priest calls down the wrath of Beogh upon you.
Beogh smites you!
You die...

### #######..
####### #........
#..o@.# #.#####..
## ### #.###.#
#.#####[. .###.##
#.# #.# #.##.....
......#######.###.#
#.##.##..
##.>..............#
#.#.#.##.
##...#######.##..#
#..###.#. ##..#
#.....# #.## ##..
##.# ####.##
##.###.## ##.## #.#
#..#.##


You could see an orc priest.

Vanquished Creatures
  A water moccasin skeleton (D:2)
  4 gnolls (D:2)
  4 adders (D:2)
  A worm (D:2)
  A dart slug (D:1)
  A leopard gecko (D:1)
  3 giant cockroaches
  7 goblins
  2 hobgoblins (D:2)
  2 bats (D:1)
  3 frilled lizards (D:1)
  2 kobolds
  6 rats
37 creatures vanquished.

Vanquished Creatures (others)
  12 toadstools (D:2)
12 creatures vanquished.

Grand Total: 49 creatures vanquished

Notes
Turn   | Place    | Note
-------+----------+-------------------------------------------
     0 | D:1      | Kagalorn the Minotaur Wanderer began the quest for the Orb.
     0 | D:1      | Kagalorn set off with the following items: a +0 hand
                  | crossbow, a +0 shield, 25 bolts, a +0 ring mail, a ration
     0 | D:1      | Reached XP level 1. HP: 18/18 MP: 0/0
   389 | D:1      | Reached XP level 2. HP: 21/25 MP: 1/1
  1414 | D:2      | Reached XP level 3. HP: 30/31 MP: 2/2
  2317 | D:2      | Reached XP level 4. HP: 38/38 MP: 3/3
  2636 | D:2      | Found a blossoming altar of Fedhas.
  2659 | D:2      | Noticed an oklob plant
  2858 | D:2      | Reached XP level 5. HP: 41/46 MP: 4/4
  3141 | D:2      | Found a radiant altar of Vehumet.
  3142 | D:2      | Found an ornate altar of the Wu Jian Council.
  3144 | D:2      | Found a shadowy altar of Dithmenos.
  3360 | D:2      | Killed from afar by an orc priest

Levels and vault maps discovered:
D:1:      erik_arrival_triangle_large, layout_loops_ring, minmay_tripent
D:2:      layout_loops_corners, chequers_temple_overflow_statue_of_worship,
          grunt_ministairs_14, tgw_fedhas
D:3:      layout_basic, marbit_many_paths, nicolae_ru_sacrificial_ziggurat,
          grunt_ministairs_7

Skill      XL: |  1  2  3  4  5 |
---------------+----------------+-----
Armour         | 2 3 |  3.3
Shields        | 3 4 |  4.0
Fighting       | 3 |  3.9
Axes           | |  6.6

Action                   |  1- 3 |  4- 6 || total
-------------------------+-------+-------++-------
Melee: Unarmed           |   136 |       ||   136
       Headbutt          |    20 |     5 ||    25
       War axe           |     2 |    30 ||    32
 Fire: Hand crossbow     |    19 |       ||    19
  Eat: Chunk             |     2 |     2 ||     4
       Ration            |     1 |       ||     1
Armor: Ring mail         |    46 |     7 ||    53
Dodge: Dodged            |    31 |     5 ||    36
Block: Shield            |    53 |     8 ||    61
